Map: Rovine di Endion

Players

Jhyrachy - Winner!

  • Race: Zerg Zerg
  • League: Gold

Faerfin

  • Race: Protoss Protoss

VOD

Have the link to the VOD?

Description

Time

  • Played on: April 26, 2016, 6:46 p.m.
  • Length: 11:40
Show
View Real Time Build Order
Export as new Build Order

Jhyrachy Zerg - Winner!

Build Orders: Hatch First 

Get SALT Encoding   

  12  0:01  Drone  
  13  0:12  Drone  
  14  0:17  Overlord  
  14  0:35  Drone  
  14  0:36  Drone x2  
  17  0:57  Hatchery  
  17  1:00  Drone, Extractor  
  16  1:07  Drone  
  17  1:19  Spawning Pool  
  17  1:21  Drone  
  17  1:26  Drone  
  17  1:31  Overlord  
  18  1:57  Drone  
  18  1:58  Overlord  
  19  2:06  Queen  
  21  2:09  Queen  
  23  2:23  Drone  
  23  2:24  Drone x4  
  28  2:49  Lair  
  28  2:51  Drone x3  
  28  2:53  Extractor  
  28  2:55  Drone  
  31  3:04  Zergling x2  
  32  3:14  Extractor x2, Drone x3  
  33  3:23  Drone x8  
  40  4:01  Spire  
  39  4:12  Overlord x3  
  39  4:20  Drone x2  
  41  4:41  Metabolic Boost  
  41  5:19  Mutalisk x5  
  41  5:20  Mutalisk x4  
  59  5:24  Overlord x3  
  59  5:31  Roach Warren  
  59  5:33  Evolution Chamber  
  57  5:41  Drone x2  
  57  5:42  Drone  
  60  5:43  Drone x2  
  60  5:44  Hatchery, Drone x2  
  60  5:46  Queen  
  65  5:51  Evolution Chamber  
  64  6:02  Zerg Missile Weapons Level 1  
  64  6:15  Roach  
  64  6:16  Roach x8  
  64  6:18  Overlord x2  
  80  7:45  Roach x4  
  80  7:46  Roach x3  
  80  7:55  Zerg Ground Armor Level 1  
  80  7:56  Glial Reconstitution  
  80  9:00  Zerg Missile Weapons Level 2  
  80  9:04  Burrow  
  80  9:08  Roach x5  
  80  9:15  Tunneling Claws  
  80  9:17  Overlord x4  
  80  9:39  Roach x9  
  80  9:40  Roach  
  80  10:04  Roach  
  80  10:05  Roach x5  
  80  10:06  Overlord x3  
  80  10:07  Overlord x3  
  80  10:36  Roach  
  80  10:37  Roach x11  
  80  10:42  Roach  
  80  10:43  Roach x5  
Show
View Real Time Build Order
Export as new Build Order

Faerfin Protoss 

Build Orders: 1 Gate Expand 

Get SALT Encoding   

  12  0:01  Probe (Chrono Boost)  
  13  0:12  Probe (Chrono Boost)  
  14  0:19  Pylon  
  14  0:23  Probe (Chrono Boost)  
  15  0:37  Probe (Chrono Boost)  
  16  0:43  Gateway  
  16  0:48  Probe (Chrono Boost)  
  17  0:56  Assimilator  
  17  0:58  Probe (Chrono Boost)  
  18  1:08  Pylon  
  18  1:09  Probe (Chrono Boost)  
  19  1:19  Probe (Chrono Boost)  
  20  1:30  Probe (Chrono Boost)  
  21  1:41  Nexus  
  21  1:51  Probe (Chrono Boost)  
  22  2:03  Probe (Chrono Boost)  
  23  2:08  Cybernetics Core  
  23  2:13  Probe (Chrono Boost)  
  23  2:15  Assimilator  
  24  2:18  Gateway x2  
  24  2:27  Probe (Chrono Boost)  
  25  2:37  Probe (Chrono Boost)  
  26  2:45  Warp Gate  
  26  2:47  Adept  
  28  2:54  Probe x2 (Chrono Boost)  
  30  3:01  Pylon  
  30  3:02  Pylon  
  30  3:05  Probe (Chrono Boost)  
  31  3:06  Mothership Core (Chrono Boost)  
  31  3:10  Adept  
  35  3:16  Adept  
  37  3:20  Probe (Chrono Boost)  
  37  3:24  Probe (Chrono Boost)  
  39  3:31  Probe (Chrono Boost)  
  40  3:35  Probe (Chrono Boost)  
  41  3:41  Probe (Chrono Boost)  
  41  3:45  Probe (Chrono Boost)  
  43  3:52  Probe (Chrono Boost)  
  44  3:56  Probe (Chrono Boost)  
  46  4:03  Probe (Chrono Boost)  
  46  4:04  Pylon  
  46  4:06  Pylon  
  46  4:13  Robotics Facility, Adept  
  46  4:14  Adept x2  
  52  4:34  Probe x2 (Chrono Boost)  
  54  4:52  Stalker  
  56  4:53  Stalker x2  
  60  5:02  Observer  
  61  5:09  Probe x2 (Chrono Boost)  
  61  5:12  Assimilator  
  63  5:17  Assimilator  
  63  5:20  Probe x2 (Chrono Boost)  
  65  5:26  Gateway  
  65  5:28  Immortal, Gateway  
  69  5:30  Gateway  
  69  6:00  Forge  
  69  6:01  Forge  
  69  6:05  Pylon  
  69  6:24  Stalker x3  
Tags
 
Add a new tag
Caveats
  • Supply blocks, unpowered buildings, or Contaminate may cause inaccurate times.
  • Supply counts are checked every 10 seconds.